 Dungeon Crawl Stone Soup version 0.26-a0-708-g17f3b19 (webtiles) character file.

Game seed: 1482801632008350142

1210 BarneyGumball the Cleaver (level 8, -3/74 HPs)
             Began as a Deep Dwarf Monk on Oct 27, 2020.
             Was a Follower of Makhleb.
             Slain by a centaur
             ... wielding a +0 club
              (5 damage)
             ... while paralysed by a centaur
             ... on level 6 of the Dungeon.
             The game lasted 00:25:24 (4142 turns).

BarneyGumball the Cleaver (Deep Dwarf Monk)         Turns: 4142, Time: 00:25:24

Health: -3/74      AC:  7    Str: 17    XL:     8   Next: 22%
Magic:  2/2        EV:  2    Int: 11    God:    Makhleb [*.....]
Gold:   144        SH:  0    Dex: 15    Spells: 9/9 levels left

rFire    . . .     SeeInvis .   a - +0 hand axe
rCold    + . .     Faith    .   j - +0 buckler
rNeg     . . .     Spirit   .   r - +2 ring mail {rC+}
rPois    .         Reflect  .   (no helmet)
rElec    .         Harm     .   (no cloak)
rCorr    .         Rampage  .   (no gloves)
MR       +....                  (no boots)
Stlth    +.........             (no amulet)
HPRegen  0.00/turn              (no ring)
MPRegen  0.08/turn              (no ring)

@: paralysed, non-regenerating
A: damage resistance, heal wounds, sense surroundings 1, no regeneration
a: Heal Wounds, Renounce Religion


You were on level 6 of the Dungeon.
You worshipped Makhleb.
Makhleb was aware of your devotion.
You visited 2 branches of the dungeon, and saw 8 of its levels.
You also visited: Sewer.

You collected 144 gold pieces.

Inventory:

Hand Weapons
 a - a +0 hand axe (weapon)
Armour
 j - a +0 buckler (worn)
 r - a +2 ring mail of cold resistance (worn)
Scrolls
 c - 3 scrolls of magic mapping
 d - 3 scrolls of teleportation
 e - a scroll of identify
 f - a scroll of fear
 i - 2 scrolls of enchant armour
 m - 3 scrolls of remove curse
Potions
 b - 3 potions of curing
 g - 4 potions of flight
 k - a potion of brilliance {unknown}
 l - a potion of stabbing
 n - a potion of might {unknown}


   Skills:
 - Level 5.1 Fighting
 * Level 8.4 Axes
 + Level 3.4 Armour
 + Level 3.4 Dodging
 - Level 2.4 Stealth
 - Level 2.8 Shields
 - Level 1.1 Spellcasting


You had 9 spell levels left.
You didn't know any spells.
Your spell library was empty.

Dungeon Overview and Level Annotations

Branches:
Dungeon (7/15)             Temple (1/1) D:6           Sewer (visited)

Altars:
Ashenzari
Cheibriados
Dithmenos
Elyvilon
Fedhas
Gozag
Kikubaaqudgha
Makhleb
Nemelex Xobeh
Okawaru
Qazlal
Ru
Sif Muna
Uskayaw
Xom
Yredelemnul
Zin
The Shining One

Annotations:
D:5 2 runed translucent doors, exclusion: ice beast, Gigglenaut's ghost, amateur DsGl


Innate Abilities, Weirdness & Mutations

You are resistant to damage.
You can heal yourself by infusing magical energy.
You passively map a small area around you.
You do not regenerate.


Message History

The centaur zaps a wand.
You resist with almost no effort.
The centaur shoots an arrow.
The arrow hits you.
You see here an arrow.
You block the troll's attack. The troll claws you. The troll barely misses you.
You see here an arrow.
The centaur zaps a wand.
You suddenly lose the ability to move!
The troll bites you!
* * * LOW HITPOINT WARNING * * *
The troll claws you but does no damage. The troll claws you.
* * * LOW HITPOINT WARNING * * *
The centaur unwields a +0 shortbow.
The centaur wields a +0 club.
The centaur hits you but does no damage.
The troll bites you.
* * * LOW HITPOINT WARNING * * *
The troll claws you!
* * * LOW HITPOINT WARNING * * *
The troll claws you!
* * * LOW HITPOINT WARNING * * *
The centaur hits you with a +0 club.
You die...

###..####...###...............###
#..#..........).............# #
###.)).####......#...#.......####
.##..#####.......#...#.......#...
....## #.....#(###.(#.#...#.#...
....#####....#...#...#.......###.
.......<.........#...#.......#*#.
#............#..Tc...#.#...#.##..
##.c.......#####@....#.......#..#
#...........#.......#.......#..*
##.>.....#...........#.#...#.#.#*
#........#...#......##.......#.##
......#.###.#.....#.##.......#..#
.....#...#.......###(#.#)..#.#...
##.......#.......# #.#.......#...
#....#...(....#### #.#...>...#...
#..#####.......# #.#########.##


You could see a troll and a centaur.

Vanquished Creatures
  A sky beast (D:5)
  4 ogres
  A centaur (D:6)
  A big kobold (Sewer)
  A scorpion (Temple)
  A howler monkey (D:4)
  A centaur zombie (D:7)
  3 hounds
  A jelly (D:4)
  A bullfrog skeleton (D:5)
  2 iguanas (D:5)
  3 orc wizards
  2 worker ants
  A hound skeleton (D:4)
  7 adders
  A river rat (Sewer)
  A shadow imp (D:5)
  A white imp (D:5)
  An ufetubus (D:6)
  2 oozes
  An adder zombie (D:5)
  An adder skeleton (D:4)
  3 worms
  A dart slug (D:1)
  A leopard gecko (D:2)
  6 orcs
  2 ball pythons
  3 bats
  6 giant cockroaches
  2 goblins
  2 hobgoblins (D:1)
  2 jackals
  2 quokkas
  3 frilled lizards
  5 kobolds
  8 rats
84 creatures vanquished.

Notes
Turn   | Place    | Note
-------+----------+-------------------------------------------
     0 | D:1      | BarneyGumball the Deep Dwarf Monk began the quest for the
                  | Orb.
     0 | D:1      | Reached XP level 1. HP: 20/20 MP: 1/1
   153 | D:2      | Reached XP level 2. HP: 27/27 MP: 1/1
   197 | D:2      | Reached skill level 1 in Armour
   340 | D:2      | Found an ancient bone altar of Kikubaaqudgha.
   421 | D:2      | Reached skill level 4 in Axes
   563 | D:3      | Reached XP level 3. HP: 12/34 MP: 2/2
   665 | D:3      | Found a sacrificial altar of Ru.
   708 | D:3      | Reached XP level 4. HP: 13/42 MP: 3/3
   996 | D:4      | Reached skill level 1 in Shields
  1030 | D:4      | Noticed a sky beast
  1089 | D:4      | Noticed an ogre
  1214 | D:4      | Killed an ogre
  1214 | D:4      | Reached skill level 5 in Axes
  1214 | D:4      | Reached XP level 5. HP: 33/49 MP: 3/3
  1314 | D:4      | Found a stormy altar of Qazlal.
  1481 | D:5      | Entered Level 5 of the Dungeon
  1553 | D:5      | Reached XP level 6. HP: 27/57 MP: 3/3
  1674 | D:5      | Noticed an ice beast
  1719 | D:5      | Found a shimmering blue altar of Sif Muna.
  1719 | D:5      | Found a broken altar of Ashenzari.
  1738 | D:5      | Noticed a sky beast
  1764 | D:5      | Killed a sky beast
  1774 | D:5      | Reached skill level 6 in Axes
  1964 | D:5      | Found a runed translucent door.
  1965 | D:5      | Noticed Gigglenaut's ghost (amateur DsGl)
  2119 | D:5      | Reached XP level 7. HP: 9/64 MP: 3/3
  2487 | D:5      | Found a runed translucent door.
  2599 | D:6      | Found a staircase to the Ecumenical Temple.
  2608 | Temple   | Entered the Ecumenical Temple
  2766 | Temple   | Became a worshipper of Makhleb the Destroyer
  2766 | Temple   | Reached * piety under Makhleb
  2766 | Temple   | Reached ** piety under Makhleb
  2884 | D:6      | Found a glowing drain.
  2921 | D:6      | Reached skill level 7 in Axes
  2930 | Sewer    | Entered a sewer
  3046 | Sewer    | Found a white marble altar of Elyvilon.
  3173 | D:6      | Found a shadowy altar of Dithmenos.
  3407 | D:6      | Reached skill level 5 in Fighting
  3407 | D:6      | Reached skill level 8 in Axes
  3407 | D:6      | Reached XP level 8. HP: 36/74 MP: 2/2
  3950 | D:6      | Reached skill level 1 in Spellcasting
  4025 | D:7      | Noticed a troll
  4139 | D:6      | Paralysed by a centaur for 6 turns
  4141 | D:6      | HP: 2/74 [troll (6)]
  4142 | D:6      | Slain by a centaur

Illustrated notes

Levels and vault maps discovered:
D:1:      kennysheep_arrival_forest, layout_loops_corners
D:2:      layout_basic, kiku_gazebo_garden_becter, tgw_trog, lemuel_statue_altar
D:3:      layout_basic, nrook_mini_vaults, nicolae_ru_great_annihilating_truth
D:4:      layout_basic, nicolae_qazlal_eye_of_the_storm, grunt_decor_arrowhead,
          st_stairs_12, minmay_tree_intersection, minmay_manual_mandibuliform
D:5:      layout_loops_ring, gammafunk_temple_overflow_wave,
          ebering_ghost_sewer_f, minmay_diced_spiral
D:6:      layout_layer_cave, temple_hall, cheibrodos_sewer_entry_bend,
          corexii_leaking_fountain, chequers_avenue, hangedman_decor_lopped,
          grunt_dithmenos_smoke_and_mirrors
D:7:      layout_basic, lemuel_crystal_altar, basic_altar,
          hangedman_minor_gate_pass
Temple:   oiseaux_autumnal_temple

Skill      XL: |  1  2  3  4  5  6  7  8 |
---------------+-------------------------+-----
Armour         | 1 2 3 |  3.4
Fighting       | 3 4 5 |  5.1
Axes           | 4 5 6 8 |  8.4
Shields        | 1 2 |  2.8
Spellcasting   | 1 |  1.1
Dodging        | |  3.4
Stealth        | |  2.4

Action                   |  1- 3 |  4- 6 |  7- 9 || total
-------------------------+-------+-------+-------++-------
Melee: Hand axe          |   102 |   194 |   224 ||   520
 Abil: Heal Wounds       |     1 |     8 |     9 ||    18
  Use: Scroll            |       |       |    11 ||    11
       Potion            |       |       |     1 ||     1
 Stab: Sleeping          |     2 |     3 |     3 ||     8
       Invisible         |     1 |       |       ||     1
       Paralysed         |     1 |       |       ||     1
Armor: Robe              |    11 |       |       ||    11
       Ring mail         |    19 |    40 |    50 ||   109
Dodge: Dodged            |    58 |    89 |   112 ||   259
Block: Buckler           |     4 |    36 |    46 ||    86

Table legend: (Time is in decaauts)
 A = Elapsed time spent in this place.
 B = Non-inter-level travel time spent in this place.
 C = Inter-level travel time spent in this place.
 D = Time resting spent in this place.
 E = Time spent auto-exploring this place.
 F = Levels seen in this place.
 G = Mean time per level.
                   A        B        C        D        E       F      G
               +--------+--------+--------+--------+--------+-----+--------+
         Total |   4187 |   4033 |    154 |     40 |   1826 |   9 |  465.2 |
       Dungeon |   3792 |   3667 |    125 |     40 |   1790 |   7 |  541.7 |
        Temple |    190 |    161 |     29 |      0 |      0 |   1 |  190.0 |
         Sewer |    204 |    204 |      0 |      0 |     35 |   1 |  204.0 |
               +--------+--------+--------+--------+--------+-----+--------+

Top non-repeatable levels by time:
     D:6: 1114 daAuts
     D:5: 969 daAuts
     D:4: 642 daAuts
     D:3: 457 daAuts
     D:2: 393 daAuts
   Sewer: 204 daAuts
  Temple: 190 daAuts
     D:7: 117 daAuts
     D:1: 98 daAuts
